 Dungeon Crawl Stone Soup version 0.30-a0-310-g7d6cbdfea6 (webtiles) character file.

Game seed: 8150886456782525561

28 hikkokomori the Digger (level 2, -7/22 HPs)
             Began as a Demigod Earth Elementalist on Oct 25, 2022.
             Mangled by a gnoll
             ... wielding a +0 flail
              (9 damage)
             ... on level 2 of the Dungeon.
             The game lasted 00:02:24 (1105 turns).

hikkokomori the Digger (Demigod Earth Elementalist) Turns: 1105, Time: 00:02:24

Health: -7/22      AC:  4    Str:  9    XL:     2   Next: 78%
Magic:  0/7        EV: 12    Int: 17    God:
Gold:   110        SH:  0    Dex: 14    Spells: 3/4 levels left

rFire   . . .      SeeInvis .    d - +0 mace
rCold   . . .      Faith    .    (no shield)
rNeg    . . .      Spirit   .    a - +0 robe
rPois   +          Reflect  .    g - +2 helmet
rElec   .          Harm     .    (no cloak)
rCorr   .          Rampage  .    (no gloves)
Will    .....                    (no boots)
Stlth   ++........               (no amulet)
HPRegen 0.23/turn                c - ring of poison resistance
MPRegen 0.10/turn                (no ring)

@: very slightly contaminated
A: high MP 1, forlorn, divine attributes, talons 1, deformed body, wild magic 1
a: no special abilities


You were on level 2 of the Dungeon.
You visited 1 branch of the dungeon, and saw 2 of its levels.

You collected 110 gold pieces.

Inventory:

Hand Weapons
 d - a +0 mace (weapon)
 e - a +2 short sword of venom
Armour
 a - a +0 robe (worn)
 g - a +2 helmet (worn)
Jewellery
 c - a ring of poison resistance (left hand)
Potions
 b - a potion of magic


   Skills:
 + Level 0.8 Fighting
 - Level 0.1 Maces & Flails
 - Level 1.7 Dodging
 - Level 1.7 Stealth
 - Level 1.7 Spellcasting
 - Level 0.8 Transmutations
 * Level 3.6 Earth Magic


You had 3 spell levels left.
You knew the following spells:

 Your Spells              Type           Power      Damage    Failure   Level
a - Sandblast             Erth           34%        2d9       8%          1

Your spell library contained the following spells:

 Spells                   Type           Power      Damage    Failure   Level
 Passwall                 Tmut/Erth      9%         N/A       17%         2
 Stone Arrow              Conj/Erth      18%        3d8       36%         3
 Petrify                  Tmut/Erth      11%        N/A       69%         4


Dungeon Overview and Level Annotations

Branches:
Dungeon (2/15)


Innate Abilities, Weirdness & Mutations

You have an increased reservoir of magic. (+10% MP)
You shall have no god before yourself.
Your divine heritage dramatically boosts your attributes as you level up.
You have sharp toenails.
Armour fits poorly on your strangely shaped body.
Your spells are a little harder to cast, but a little more powerful.


Message History

You hit the gnoll but do no damage.
The gnoll is severely wounded.
The gnoll hits you with a +0 flail.
You barely miss the gnoll.
The gnoll is severely wounded.
A gnoll comes into view. It is wielding a +0 spear.
The gnoll barely misses you. The gnoll hits you with a +0 flail!
The gnoll attacks as you move away! The gnoll closely misses you.
As you read the scroll labelled QUMILI RAOMIYT, it crumbles to dust.
You hear a loud clanging noise!
It was a scroll of noise.
You hear a shout!
You hear an angry hiss. x2; You hear a shout!
You hear an angry hiss.
The gnoll hits you but does no damage.
It was a potion of curing.
You feel better.
The gnoll hits you from afar with a +0 spear.
The gnoll hits you with a +0 flail!
* * * LOW HITPOINT WARNING * * *
It was a potion of mutation.
You feel extremely strange.
Your body twists and deforms.
Your toenails lengthen and sharpen.
You feel less in control of your magic. The gnoll completely misses you.
The gnoll closely misses you.
A gnoll comes into view. It is wielding a +0 flail.
Casting: Sandblast (safe; 8% risk of failure)
Confirm with . or Enter, or press ? or * to list all spells.
Aiming: Sandblast (safe; 8% risk of failure)
Press: ? - help, Shift-Dir - straight line, f/p - gnoll
Aim: a gnoll, wielding a +0 flail (severely wounded, 84% to hit)
You miscast Sandblast.
You are very lightly contaminated with residual magic.
Nothing appears to happen.
The gnoll hits you from afar with a +0 spear.
* * * LOW HITPOINT WARNING * * *
Unknown command.
The gnoll hits you with a +0 flail.
* * * LOW HITPOINT WARNING * * *
You hit the gnoll but do no damage. You claw the gnoll.
The gnoll is severely wounded.
The gnoll hits you with a +0 flail!
You die...

.# +...+ .#
#...# ##
#...# #...#
#...# #####
#...###...##
#...##.....##
#...#.g.....#
+...gg.@.)..#
#...#.......#
#...##.....##
#...###...##
#...# #####
#...# #...#
#...


You could see 3 gnolls.

Vanquished Creatures
  A dart slug (D:1)
  2 endoplasms (D:1)
  2 giant cockroaches
  3 goblins (D:1)
  2 hobgoblins (D:1)
  4 quokkas (D:1)
  A ball python (D:1)
  3 bats
  2 frilled lizards
  A kobold (D:1)
  4 rats (D:1)
25 creatures vanquished.

Vanquished Creatures (others)
  A plant (D:1)
1 creature vanquished.

Grand Total: 26 creatures vanquished

Notes
Turn   | Place    | Note
-------+----------+-------------------------------------------
     0 | D:1      | hikkokomori the Demigod Earth Elementalist began the quest
                  | for the Orb.
     0 | D:1      | Reached XP level 1. HP: 14/14 MP: 5/5
   141 | D:1      | Reached skill level 3 in Earth Magic
   415 | D:1      | Reached XP level 2. HP: 20/20 MP: 5/7
  1102 | D:2      | Gained mutation: Armour fits poorly on your strangely
                  | shaped body. [potion of mutation]
  1102 | D:2      | Gained mutation: You have sharp toenails. [potion of
                  | mutation]
  1102 | D:2      | Gained mutation: Your spells are a little harder to cast,
                  | but a little more powerful. [potion of mutation]
  1105 | D:2      | Mangled by a gnoll

Illustrated notes

Levels and vault maps discovered:
D:1:      lightli_arrival_noodles, layout_basic, kennysheep_boxes
D:2:      kennysheep_six_static_rooms, layout_basic, basic_altar

Skill      XL: |  1 |
---------------+----+-----
Earth Magic    | 3 |  3.6
Fighting       | |  0.8
Maces & Flails | |  0.1
Dodging        | |  1.7
Stealth        | |  1.7
Spellcasting   | |  1.7
Transmutations | |  0.8

Action                   || total
-------------------------++-------
Melee: Mace              ||     4
       Kick              ||     1
 Cast: Sandblast         ||    40
  Use: Scroll            ||     2
       Potion            ||     2
Armor: Robe              ||     4
Dodge: Dodged            ||    18

Table legend: (Time is in decaauts)
 A = Elapsed time spent in this place.
 B = Non-inter-level travel time spent in this place.
 C = Inter-level travel time spent in this place.
 D = Time resting spent in this place.
 E = Time spent auto-exploring this place.
 F = Levels seen in this place.
 G = Mean time per level.
                   A        B        C        D        E       F      G
               +--------+--------+--------+--------+--------+-----+--------+
         Total |   1124 |   1110 |     14 |      0 |    928 |   2 |  562.0 |
       Dungeon |   1124 |   1110 |     14 |      0 |    928 |   2 |  562.0 |
               +--------+--------+--------+--------+--------+-----+--------+

Top non-repeatable levels by time:
     D:1: 986 daAuts
     D:2: 138 daAuts
